[Event "Nationale Pupillendag 2012 - Cat. F"]
[Site "Roosendaal"]
[Date "2012.06.16"]
[Round "5.8"]
[White "Terpstra, Thijmen"]
[Black "Bruggink, Tycho"]
[Result "0-1"]
[ECO "C00"]
[WhiteElo "702"]
[BlackElo "1060"]
[PlyCount "51"]
[EventDate "2012.??.??"]
[TimeControl "1200+45"]
[WhiteClock "0:16:53"]
[BlackClock "0:15:57"]

1. e4 e6 2. Nf3 d5 3. exd5 exd5 4. Qe2+ Qe7 5. Qxe7+ Bxe7 6. Be2 Nf6 7. O-O Bf5
8. Nd4 Bg6 9. Nc3 c5 10. Bb5+ Nbd7 11. Nf3 Bxc2 12. d4 cxd4 13. Nxd4 Bg6 14.
Re1 a6 15. Ba4 b5 16. Bd1 Kf8 17. Nc6 Re8 18. Bg5 h6 19. Bxf6 Bxf6 20. Rxe8+
Kxe8 21. Bg4 Ne5 22. Re1 {O-O [%clk 0:16:19] Nxe5 [%clk 0:17:49] Re8 [%clk 0:
16:18] f4 [%clk 0:17:42]} Bd8 {Nf3 [%clk 0:17:32] Bb6+ [%clk 0:16:09]} 23. Kf1
Bd3+ 24. Ne2 Ba5 25. b4 Bxb4 26. Bd7+ {Re7 [%clk 0:15:50] Ne5 [%clk 0:16:20]
Bxe1 [%clk 0:15:29] Kxe1 [%clk 0:16:16] Bxe2 [%clk 0:15:26] Kxe2 [%clk 0:16:11]
f6 [%clk 0:15:23] Bc6 [%clk 0:15:09] fxe5 [%clk 0:15:21] Bxd5+ [%clk 0:15:07]
Kh7 [%clk 0:15:20] fxe5 [%clk 0:15:04] Rxe5+ [%clk 0:15:19] Kd3 [%clk 0:15:03]
Rxd5+ [%clk 0:15:18] Ke4 [%clk 0:15:02] Rd8 [%clk 0:15:13] Kf5 [%clk 0:15:00]
g6+ [%clk 0:15:12] Kg4 [%clk 0:14:59] Rd5 [%clk 0:15:11] h4 [%clk 0:14:57] h5+
[%clk 0:15:09] Kf4 [%clk 0:14:52] Kg7 [%clk 0:15:09] g4 [%clk 0:14:50] hxg4 
[%clk 0:15:06] Kxg4 [%clk 0:14:49] Kf6 [%clk 0:15:05] h5 [%clk 0:14:47] gxh5+}
0-1

[Event "Nationale Pupillendag 2012 - Cat. F"]
[Site "Roosendaal"]
[Date "2012.06.16"]
[Round "5.9"]
[White "Salomons, Quinten"]
[Black "Bourgonjen, Thijmen"]
[Result "1-0"]
[ECO "C50"]
[WhiteElo "810"]
[BlackElo "816"]
[PlyCount "44"]
[EventDate "2012.??.??"]
[TimeControl "1200+30"]
[WhiteClock "0:18:40"]
[BlackClock "0:18:36"]

1. e4 e5 2. Nf3 Nc6 3. Bc4 Be7 4. Nc3 Nf6 5. d3 O-O 6. Be3 d6 7. Qe2 Bg4 8.
O-O-O h6 9. Rdg1 a6 10. h3 Nd4 11. Bxd4 Bxf3 12. Qxf3 exd4 13. Nd5 Nxd5 14.
Bxd5 c6 15. Bb3 Bg5+ 16. Kb1 Rb8 17. g3 b5 18. h4 Bf6 19. g4 a5 20. g5 hxg5 21.
hxg5 Be7 22. Qh5 {f6 [%clk 0:17:36]} g6 1-0

[Event "Nationale Pupillendag 2012 - Cat. F"]
[Site "Roosendaal"]
[Date "2012.06.16"]
[Round "5.10"]
[White "Heijnen, Silvan"]
[Black "Bakker, Mark"]
[Result "1/2-1/2"]
[ECO "C42"]
[WhiteElo "889"]
[BlackElo "493"]
[PlyCount "159"]
[EventDate "2012.??.??"]
[TimeControl "1200+40"]
[WhiteClock "0:14:00"]
[BlackClock "0:12:19"]

1. e4 e5 2. Nf3 Nf6 3. Nxe5 Qe7 4. d4 d6 5. Nf3 Nxe4 6. Bd3 Nc3+ 7. Qe2 Nxe2 8.
Bxe2 Bd7 9. Nc3 Nc6 10. O-O O-O-O 11. d5 Nb4 12. Bd2 Nxc2 13. Rac1 Nb4 14. Rfe1
Qf6 15. Bg5 Qg6 16. Bxd8 Bh3 17. g3 Kxd8 18. Bb5 c6 19. dxc6 bxc6 20. Ba4 Nd3
21. Red1 Nxc1 22. Rxc1 Qg4 23. Bd1 d5 24. Na4 Bd6 25. Rxc6 Bf4 26. Ra6 Bb8 27.
Rc6 Kd7 28. Rc1 Bf4 29. Ne5+ Bxe5 30. Bxg4+ Bxg4 31. Rc5 Bd6 32. Rxd5 Rc8 33.
Nc3 Bf3 34. Rd3 Bc6 35. f3 Kc7 36. a3 Be5 37. Na2 Bb5 38. Rd5 Bc4 39. Rc5+ Kd7
40. Rxe5 Bxa2 41. Re3 Rc1+ 42. Kg2 Rc2+ 43. Kh3 Be6+ 44. g4 h5 45. Rd3+ Ke7 46.
Re3 hxg4+ 47. fxg4 Rxb2 48. Kh4 Rxh2+ 49. Kg3 Ra2 50. Kf4 Rf2+ 51. Kg3 Rf6 52.
Kh4 Rg6 53. Re4 f5 54. gxf5 Rh6+ 55. Kg5 Kd6 56. fxe6 Rxe6 57. Rd4+ Ke5 58. Rd1
Rh6 59. Re1+ Kd6 60. Rd1+ Kc7 61. Rc1+ Kb6 62. Rd1 Ka5 63. Rd7 Rc6 64. Rxa7+
Kb6 65. Rxg7 Rc5+ 66. Kh6 Ra5 67. Rg6+ Kb5 68. Rg5+ Ka6 69. Rg6+ Kb7 70. Rg7+
Kc6 71. Rg3 Kb5 72. Rg5+ Ka6 73. Rg3 Kb6 74. Rc3 Kb5 75. Kg5 Ka4+ 76. Kf4 Rb5
77. Ke3 Rb3 78. Rxb3 Kxb3 79. a4 Kxa4 80. Kd4 1/2-1/2

[Event "Nationale Pupillendag 2012 - Cat. F"]
[Site "Roosendaal"]
[Date "2012.06.16"]
[Round "5.11"]
[White "Winters, Sean"]
[Black "Heskes, Johan"]
[Result "0-1"]
[ECO "A00"]
[WhiteElo "387"]
[BlackElo "526"]
[PlyCount "202"]
[EventDate "2012.??.??"]
[TimeControl "1200+55"]
[WhiteClock "0:10:24"]
[BlackClock "0:12:18"]

1. e3 e5 2. Nf3 Nc6 3. Nc3 Bc5 4. Bb5 d6 5. O-O Nge7 6. Bxc6+ Nxc6 7. Nd5 O-O
8. b3 Bg4 9. h3 Bxf3 10. Qxf3 Ne7 11. Bb2 Nxd5 12. e4 Nf6 13. Qf5 g6 14. Qg5
Qe7 15. a3 b6 16. b4 Bd4 17. Bxd4 exd4 18. Qh6 Qxe4 19. d3 Qe5 20. Rfe1 Qd5 21.
c4 Qc6 22. Qg5 Nh5 23. Re4 Rfe8 24. Rxd4 Re5 25. Qh6 Rae8 26. b5 Qb7 27. Re4
Rxe4 28. dxe4 Qxe4 29. Qe3 Nf4 30. Qxe4 Rxe4 31. f3 Ne2+ 32. Kf2 Re6 33. Ra2
Nd4 34. g4 f5 35. Kg3 fxg4 36. hxg4 h5 37. gxh5 gxh5 38. Rg2 Ne2+ 39. Kf2+ Kh7
40. a4 Nf4 41. Rg3 Re2+ 42. Kf1 h4 43. Rg4 Rh2 44. Kg1 Rg2+ 45. Kf1 h3 46. Rxf4
Ra2 47. Rh4+ Kg6 48. Rxh3 Rxa4 49. Rg3+ Kf5 50. Rg4 a6 51. bxa6 Rxa6 52. Kf2
Ra2+ 53. Kg3 c6 54. f4 b5 55. cxb5 cxb5 56. Rg5+ Ke4 57. f5 Ra3+ 58. Kg4 b4 59.
f6 Rf3 60. Rg6 b3 61. f7 Rxf7 62. Rxd6 Rf4+ 63. Kg5 b2 64. Rb6 Rf2 65. Kg4 Rf4+
66. Kg5 Rf5+ 67. Kg4 Rf2 68. Kg3 Ke3 69. Kg4 Ke4 70. Kg3 Rf3+ 71. Kg4 Rf2 72.
Kg3 Ke3 73. Kg4 Kd3 74. Kg3 Re2 75. Rd6+ Kc3 76. Rc6+ Kd4 77. Rb6 Kc5 78. Rxb2
Rxb2 79. Kf3 Kd4 80. Kf4 Re2 81. Kf3 Kd3 82. Kf4 Kd4 83. Kf3 Re8 84. Kf2 Kd3
85. Kf1 Kd2 86. Kf2 Rf8+ 87. Kg3 Ke3 88. Kg4 Ke4 89. Kg5 Ke5 90. Kg6 Ke6 91.
Kg7 Rf1 92. Kg8 Rf8+ 93. Kg7 Re8 94. Kg6 Rg8+ 95. Kh7 Kf7 96. Kh6 Kf6 97. Kh5
Kf5 98. Kh6 Kf6 99. Kh7 Kf7 100. Kh6 Kf6 101. Kh7 Rg1 0-1

[Event "Nationale Pupillendag 2012 - Cat. F"]
[Site "Roosendaal"]
[Date "2012.06.16"]
[Round "5.12"]
[White "Kikken, Calvin"]
[Black "Kerkmeester, Cedric"]
[Result "0-1"]
[ECO "C50"]
[WhiteElo "450"]
[BlackElo "882"]
[PlyCount "30"]
[EventDate "2012.??.??"]
[TimeControl "1200+30"]
[WhiteClock "0:19:06"]
[BlackClock "0:16:57"]

1. e4 e5 2. Nf3 Nc6 3. Nc3 Nf6 4. Bc4 Bc5 5. O-O O-O 6. a3 d6 7. b4 Bb6 8. d3
Bg4 9. Bg5 h6 10. h3 hxg5 11. hxg4 Nxg4 12. Nxg5 Qxg5 13. a4 Nxb4 14. Rb1 Qh5
15. Rxb4 Qh2# 0-1

[Event "Nationale Pupillendag 2012 - Cat. F"]
[Site "Roosendaal"]
[Date "2012.06.16"]
[Round "5.13"]
[White "Luiten, Timo"]
[Black "Niemann, Hans"]
[Result "0-1"]
[ECO "B40"]
[WhiteElo "670"]
[BlackElo "728"]
[PlyCount "120"]
[EventDate "2012.??.??"]
[TimeControl "1200+75"]
[WhiteClock "0:07:10"]
[BlackClock "0:13:45"]

1. e4 c5 2. Nf3 e6 3. Nc3 Nc6 4. Bc4 Nf6 5. Ng5 h6 6. Nf3 Nxe4 7. Nxe4 d5 8.
Bxd5 exd5 9. Nc3 Bf5 10. Qe2+ Qe7 11. Qxe7+ Bxe7 12. O-O O-O-O 13. d3 Bf6 14.
Nb5 a6 15. Na3 Bg4 16. Nd2 Rhe8 17. Nb3 Re7 18. Nxc5 Rde8 19. Bf4 Bxb2 20. Rab1
g5 21. Bd6 Re2 22. h3 Bd7 23. Nxd7 Bxa3 24. Bxa3 Kxd7 25. Rxb7+ Kc8 26. Rb6 Kc7
27. Rbb1 Nd4 28. Bb4 Nxc2 29. Bc3 d4 30. Bxd4 Nxd4 31. Rb4 Nc6 32. Rc4 Rxa2 33.
d4 Kb6 34. d5 Ne5 35. Rd4 Kc5 36. Rdd1 Rd8 37. Ra1 Rxa1 38. Rxa1 Rxd5 39. Rc1+
Kd4 40. Rd1+ Nd3 41. Rd2 Kc3 42. Rd1 Kc2 43. Rf1 Re5 44. Ra1 Re1+ 45. Rxe1 Nxe1
46. Kh2 a5 47. Kg3 a4 48. Kg4 a3 49. Kh5 a2 50. Kxh6 a1=Q 51. g3 Qf6+ 52. Kh5
Qxf2 53. Kxg5 Qxg3+ 54. Kf6 Qxh3 55. Kxf7 Kd3 56. Kf6 Ke4 57. Kg5 Qf5+ 58. Kh4
Qg6 59. Kh3 Kf3 60. Kh2 Qg2# 0-1

[Event "Nationale Pupillendag 2012 - Cat. F"]
[Site "Roosendaal"]
[Date "2012.06.16"]
[Round "5.14"]
[White "Vergos, Marios Timon"]
[Black "Varnica, Milan"]
[Result "1-0"]
[ECO "B24"]
[WhiteElo "760"]
[BlackElo "724"]
[PlyCount "97"]
[EventDate "2012.??.??"]
[TimeControl "1200+65"]
[WhiteClock "0:12:37"]
[BlackClock "0:05:49"]

1. e4 c5 2. Nc3 Nc6 3. Nf3 e6 4. e5 a6 5. Bc4 Nge7 6. O-O Ng6 7. Re1 Be7 8. d3
O-O 9. d4 cxd4 10. Nxd4 Qc7 11. Nxc6 dxc6 12. Bd2 Nxe5 13. Bf4 Bd6 14. Ne4 Rd8
15. Nxd6 Nxc4 16. Ne8 Rxd1 17. Nxc7 Rxe1+ 18. Rxe1 Ra7 19. b3 Nb6 20. Rd1 h6
21. Rd8+ Kh7 22. h4 Nd5 23. Rxc8 Nxf4 24. g3 Nd5 25. Nxd5 exd5 26. Rc7 Kg6 27.
g4 f6 28. f4 Kh7 29. Kf2 h5 30. g5 Kg6 31. Kg3 fxg5 32. hxg5 Kh7 33. Kh4 Kg6
34. f5+ Kh7 35. f6 Kg8 36. Rxg7+ Kf8 37. Kxh5 Ra8 38. g6 b5 39. Kh6 Rd8 40. f7
Rd6 41. Rg8+ Ke7 42. f8=Q+ Ke6 43. Rh8 Ke5 44. Kg5 Rd7 45. g7 Rxg7+ 46. Qxg7+
Kd6 47. Rd8+ Kc5 48. c3 a5 49. Qd4# 1-0

[Event "Nationale Pupillendag 2012 - Cat. F"]
[Site "Roosendaal"]
[Date "2012.06.16"]
[Round "5.15"]
[White "Meijer, Arjen"]
[Black "Warnaar, Alisha"]
[Result "1-0"]
[ECO "C20"]
[WhiteElo "796"]
[BlackElo "452"]
[PlyCount "65"]
[EventDate "2012.??.??"]
[TimeControl "1200+50"]
[WhiteClock "0:14:56"]
[BlackClock "0:14:31"]

1. e4 e5 2. d4 d6 3. dxe5 Nc6 4. exd6 cxd6 5. Nc3 Nf6 6. Nf3 Bg4 7. h3 Be6 8.
Bf4 d5 9. exd5 Nxd5 10. Nxd5 Bxd5 11. Qe2+ Be7 12. Bg5 f6 13. Bd2 Bxf3 14. gxf3
Nd4 15. Qe4 O-O 16. Bc3 Bc5 17. O-O-O Qb6 18. Bxd4 Bxd4 19. Rxd4 Rfe8 20. Qd3
Qa5 21. c3 Qxa2 22. Bg2 Qa1+ 23. Kc2 Qa5 24. Qc4+ Kh8 25. Rg4 b5 26. Qf7 Qc7
27. Qxc7 Rg8 28. f4 b4 29. Bxa8 bxc3 30. bxc3 a6 31. Bd5 f5 32. Bxg8 g6 33.
Qxh7# 1-0

[Event "Nationale Pupillendag 2012 - Cat. F"]
[Site "Roosendaal"]
[Date "2012.06.16"]
[Round "5.16"]
[White "De Oude, Fenna"]
[Black "De Valck, Thomas"]
[Result "1-0"]
[ECO "C57"]
[WhiteElo "415"]
[BlackElo "734"]
[PlyCount "101"]
[EventDate "2012.??.??"]
[TimeControl "1200+45"]
[WhiteClock "0:12:16"]
[BlackClock "0:10:25"]

1. e4 e5 2. Nf3 Nc6 3. Bc4 Nf6 4. Ng5 Ng4 5. Qxg4 d5 6. exd5 Bxg4 7. d6 cxd6 8.
Nxf7 Qf6 9. Nxh8 Qg5 10. Nf7 Kd7 11. Nxg5 Na5 12. f3 Nxc4 13. fxg4 Be7 14. Ne4
Bh4+ 15. g3 Bd8 16. g5 d5 17. Nc5+ Kc6 18. Na4 d4 19. d3 Nd6 20. Bd2 Kb5 21. g6
Kxa4 22. gxh7 Bb6 23. Rf1 Nb5 24. Rf7 Nd6 25. Rxg7 Nf5 26. Rg8 Rxg8 27. hxg8=Q
Ne7 28. Qf8 Nc6 29. Na3 Ba5 30. Nc4 Bxd2+ 31. Kxd2 b5 32. Na3 Ka5 33. c4 dxc3+
34. Kxc3 b4+ 35. Kb3 bxa3 36. bxa3 Nd4+ 37. Kc3 Kb6 38. Rb1+ Kc6 39. a4 Ne6 40.
Qc8+ Nc7 41. Kd2 Kd6 42. Qf8+ Ke6 43. Qd8 Nd5 44. Rb5 Nf6 45. d4 Ne4+ 46. Ke3
Nc3 47. Rxe5+ Kf7 48. Re7+ Kg6 49. Qf8 Kg5 50. Rg7+ Kh6 51. Qh8# 1-0

[Event "Nationale Pupillendag 2012 - Cat. F"]
[Site "Roosendaal"]
[Date "2012.06.16"]
[Round "6.1"]
[White "Hoeneveld, Maarten"]
[Black "De Boer, Eelke"]
[Result "1-0"]
[ECO "A27"]
[WhiteElo "1355"]
[BlackElo "1205"]
[PlyCount "183"]
[EventDate "2012.??.??"]
[TimeControl "240+50"]
[WhiteClock "0:02:01"]
[BlackClock "0:01:29"]

1. c4 e5 2. Nc3 Nc6 3. Nf3 Bc5 4. a3 d6 5. g3 Be6 6. d3 Nf6 7. Bg2 O-O 8. O-O
Qd7 9. b4 Bb6 10. Bd2 Bh3 11. Na4 Bxg2 12. Kxg2 Bd4 13. Rb1 Rfe8 14. e3 Bb6 15.
Bc3 a6 16. Nxb6 cxb6 17. d4 exd4 18. Nxd4 Nxd4 19. Bxd4 Qc6+ 20. Kg1 Qxc4 21.
Bxb6 Re6 22. Rc1 Qb5 23. Bd4 Nd5 24. Qg4 g6 25. Rc2 Qd3 26. Rfc1 Ree8 27. Rc8
f5 28. Rxe8+ Rxe8 29. Qf3 Qe4 30. Qxe4 fxe4 31. Kf1 Kf7 32. Ke2 Ke6 33. Rc2 Kf5
34. h3 g5 35. g4+ Kg6 36. Rb2 h5 37. Rb3 hxg4 38. hxg4 Rf8 39. Rb2 Rc8 40. Kd2
Nf6 41. Bxf6 Kxf6 42. Ke2 Ke5 43. f3 exf3+ 44. Kxf3 Rc3 45. a4 Ra3 46. b5 axb5
47. Rxb5+ d5 48. Rxb7 Rxa4 49. Re7+ Kf6 50. Rd7 Ke5 51. Rg7 Kf6 52. Rg8 Kf7 53.
Rxg5 Kf6 54. Rxd5 Ra6 55. e4 Ra3+ 56. Kf4 Ra1 57. Rd3 Rf1+ 58. Rf3 Ra1 59. g5+
Kg6 60. Kg4 Rg1+ 61. Kf4 Rxg5 62. Ke3 Ra5 63. Kd4 Ra4+ 64. Ke5 Ra5+ 65. Kd4
Ra4+ 66. Kd5 Ra1 67. e5 Rd1+ 68. Ke6 Kg7 69. Ke7 Ra1 70. Rd3 Rf1 71. e6 Rf5 72.
Rg3+ Kh7 73. Ke8 Ra5 74. e7 Ra1 75. Rg5 Kh6 76. Rg4 Kh5 77. Rg3 Kh4 78. Rg2 Kh3
79. Rg6 Re1 80. Kf7 Rf1+ 81. Rf6 Re1 82. e8=Q Rxe8 83. Kxe8 Kg4 84. Kf7 Kg5 85.
Ke6 Kg4 86. Ke5 Kg5 87. Rf1 Kg4 88. Rf8 Kg5 89. Rg8+ Kh4 90. Kf5 Kh3 91. Kf4
Kh2 92. Ke4 1-0

[Event "Nationale Pupillendag 2012 - Cat. F"]
[Site "Roosendaal"]
[Date "2012.06.16"]
[Round "6.2"]
[White "Maes, Djad"]
[Black "Tran, Tommy"]
[Result "1-0"]
[ECO "C50"]
[WhiteElo "845"]
[BlackElo "813"]
[PlyCount "88"]
[EventDate "2012.??.??"]
[TimeControl "1200+150"]
[WhiteClock "0:10:00"]
[BlackClock "0:07:41"]

1. e4 e5 2. Nf3 Nc6 3. Bc4 Bc5 4. Nc3 Nf6 5. d3 d6 6. Bg5 Be6 7. Bxe6 fxe6 8.
Na4 O-O 9. c3 Qe8 10. b4 Bb6 11. Nxb6 cxb6 12. d4 a5 13. b5 Nb8 14. Qb3 exd4
15. cxd4 d5 16. e5 Ne4 17. Qd3 Nxg5 18. Nxg5 Rf5 19. Nf3 Qf8 20. Rc1 Nd7 21.
Rc7 Qb4+ 22. Nd2 Nf8 23. Qg3 Ng6 24. h4 Qxd4 25. h5 Qxe5+ 26. Qxe5 Rxe5+ 27.
Kd1 Rxh5 28. Rxh5 Rb8 29. g3 Rf8 30. Rxb7 Rxf2 31. Rxb6 h6 32. Rxe6 Kh7 33.
Rxd5 Rg2 34. Rdd6 Rxg3 35. Ne4 Rg1+ 36. Kd2 Rg2+ 37. Kc3 Rg1 38. b6 Rc1+ 39.
Kb2 Rg1 40. b7 Rg2+ 41. Rd2 Rxd2+ 42. Nxd2 Nf4 43. Re7 Ng6 44. Rxg7+ Kxg7 1-0

[Event "Nationale Pupillendag 2012 - Cat. F"]
[Site "Roosendaal"]
[Date "2012.06.16"]
[Round "6.3"]
[White "De Haas, Tristan"]
[Black "Kroetkov, Ivan"]
[Result "0-1"]
[ECO "B24"]
[WhiteElo "937"]
[BlackElo "922"]
[PlyCount "58"]
[EventDate "2012.??.??"]
[TimeControl "1200+65"]
[WhiteClock "0:14:21"]
[BlackClock "0:20:00"]

1. e4 c5 2. Nc3 Nc6 3. Nf3 Nf6 4. d4 cxd4 5. Nxd4 e6 6. Nxc6 bxc6 7. Bg5 h6 8.
Bh4 g5 9. Bg3 Bb4 10. Be5 d6 11. Bxf6 Qxf6 12. Qd2 Bxc3 13. Qxc3 Qxc3+ 14. bxc3
Bb7 15. Bd3 d5 16. exd5 cxd5 17. O-O Rc8 18. Rab1 Ba8 19. Rb3 O-O 20. Re1 Kh8
21. Re3 Rg8 22. Rh3 Kg7 23. Rg3 h5 24. Rxg5+ Kh6 25. Re5 d4 26. cxd4 Rxg2+ 27.
Kf1 Rxh2 28. c4 Bf3 29. Rb7 Rh1# 0-1

[Event "Nationale Pupillendag 2012 - Cat. F"]
[Site "Roosendaal"]
[Date "2012.06.16"]
[Round "6.4"]
[White "Hilwerda, Jonas"]
[Black "Terwee, Michiel"]
[Result "0-1"]
[ECO "C25"]
[WhiteElo "1255"]
[BlackElo "820"]
[PlyCount "50"]
[EventDate "2012.??.??"]
[TimeControl "1200+85"]
[WhiteClock "0:05:55"]
[BlackClock "0:12:51"]

1. e4 e5 2. Nc3 f5 3. exf5 Nf6 4. d3 d5 5. Nf3 Nc6 6. Bg5 d4 7. Ne4 Be7 8. Ng3
O-O 9. Be2 Bd7 10. O-O Nb4 11. a3 Nc6 12. Re1 b6 13. Qb1 Ng4 14. Qa2+ Kh8 15.
Bxe7 Qxe7 16. h3 Nf6 17. Ne4 Bxf5 18. Nxf6 Qxf6 19. Qd5 Rad8 20. Qb5 e4 21.
dxe4 Bxe4 22. Qa4 a5 23. Rad1 Ne5 24. Nxe5 Qxf2+ 25. Kh1 Qxg2# 0-1

[Event "Nationale Pupillendag 2012 - Cat. F"]
[Site "Roosendaal"]
[Date "2012.06.16"]
[Round "6.5"]
[White "Bruggink, Tycho"]
[Black "Meijer, Arjen"]
[Result "1-0"]
[ECO "C57"]
[WhiteElo "1060"]
[BlackElo "796"]
[PlyCount "81"]
[EventDate "2012.??.??"]
[TimeControl "1200+50"]
[WhiteClock "0:14:53"]
[BlackClock "0:13:38"]

1. e4 e5 2. Nf3 Nc6 3. Bc4 Nf6 4. Ng5 d5 5. exd5 Nxd5 6. d3 h6 7. Nf3 Bc5 8.
O-O Bg4 9. h3 Bh5 10. Bd2 Nd4 11. Bxd5 Qxd5 12. Nc3 Qc6 13. Ne4 Nxf3+ 14. gxf3
Qg6+ 15. Kh2 Bd6 16. Rg1 Qe6 17. Nxd6+ cxd6 18. Rxg7 Qf6 19. Rg3 d5 20. Qg1 Ke7
21. Qg2 e4 22. Bb4+ Ke8 23. Rg8+ Rxg8 24. Qxg8+ Kd7 25. Qxa8 Qg6 26. Qxb7+ Ke6
27. Qc6+ Ke5 28. Qxg6 Bxg6 29. fxe4 dxe4 30. Re1 Kf4 31. Bd6+ Kf3 32. dxe4 Bxe4
33. Bc5 Bxc2 34. Re3+ Kxf2 35. Rc3+ Ke2 36. Rxc2+ Kd1 37. Rc3 Ke2 38. Kg2 Kd2
39. Kf2 h5 40. Be3+ Kd1 41. Rc1# 1-0

[Event "Nationale Pupillendag 2012 - Cat. F"]
[Site "Roosendaal"]
[Date "2012.06.16"]
[Round "6.6"]
[White "Janse, Sebastiaan"]
[Black "Vergos, Marios Timon"]
[Result "1-0"]
[ECO "C44"]
[WhiteElo "914"]
[BlackElo "760"]
[PlyCount "125"]
[EventDate "2012.??.??"]
[TimeControl "1200+30"]
[WhiteClock "0:14:29"]
[BlackClock "0:14:02"]

1. e4 e5 2. Nf3 Nc6 3. d4 d6 4. Bb5 Qd7 5. d5 Nf6 6. dxc6 bxc6 7. Bd3 d5 8. Nc3
dxe4 9. Nxe4 Nxe4 10. Bxe4 Qxd1+ 11. Kxd1 Ba6 12. Bxc6+ Kd8 13. Bxa8 Bc5 14.
Be3 Bd6 15. Bxa7 Kd7 16. Kd2 Rxa8 17. Be3 e4 18. Ng5 f6 19. Nxe4 Be5 20. c3 Rd8
21. Rad1 Ke6+ 22. Kc2 Rb8 23. Nc5+ Kf5 24. Nxa6 Ra8 25. Nb4 Bd6 26. h3 Bxb4 27.
cxb4 Rxa2 28. g4+ Ke4 29. Rd4+ Kf3 30. Rf4+ Ke2 31. Rd1 Ra6 32. Rd2+ Kf1 33. f3
Rc6+ 34. Kb3 Re6 35. Bc5 Ke1 36. Kc2 g5 37. Re4+ Rxe4 38. fxe4 Kf1 39. Rf2+ Ke1
40. Kd3 c6 41. Ke3 h6 42. Rh2 Kf1 43. Kf3 Ke1 44. Rf2 Kd1 45. Ke3 Kc1 46. Rd2
Kb1 47. b3 Kc1 48. Kd3 Kb1 49. Kc3 Kc1 50. Be3 Kb1 51. Bd4 Kc1 52. b5 cxb5 53.
b4 Kb1 54. Rc2 Ka1 55. Kb3+ Kb1 56. e5 fxe5 57. Bxe5 h5 58. Rd2 Kc1 59. Kc3 Kb1
60. Bg3 h4 61. Kb3 Kc1 62. Be1 Kb1 63. Rd1# 1-0

[Event "Nationale Pupillendag 2012 - Cat. F"]
[Site "Roosendaal"]
[Date "2012.06.16"]
[Round "6.7"]
[White "Niemann, Hans"]
[Black "Van Harten, Eva"]
[Result "0-1"]
[ECO "B11"]
[WhiteElo "728"]
[BlackElo "867"]
[PlyCount "46"]
[EventDate "2012.??.??"]
[TimeControl "1200+75"]
[WhiteClock "0:13:59"]
[BlackClock "0:14:42"]

1. e4 c6 2. Nf3 d5 3. Nc3 Bg4 4. exd5 cxd5 5. h3 Bh5 6. g4 Bg6 7. d4 Nc6 8. Bb5
e6 9. Ne5 Rc8 10. Bf4 Bd6 11. Nxg6 hxg6 12. Bxd6 Qxd6 13. Qd3 Nh6 14. g5 Nf5
15. Na4 O-O 16. Nc5 b6 17. Nb3 Nb4 18. Qe2 Nxc2+ 19. Kd2 Nxa1 20. Rxa1 Qf4+ 21.
Ke1 Qxg5 22. Ba6 Rc7 23. Nd2 Nxd4 0-1

[Event "Nationale Pupillendag 2012 - Cat. F"]
[Site "Roosendaal"]
[Date "2012.06.16"]
[Round "6.8"]
[White "Salomons, Quinten"]
[Black "Honkoop, Gilian"]
[Result "0-1"]
[ECO "C50"]
[WhiteElo "810"]
[BlackElo "1022"]
[PlyCount "98"]
[EventDate "2012.??.??"]
[TimeControl "1200+35"]
[WhiteClock "0:15:34"]
[BlackClock "0:16:30"]

1. e4 e5 2. Nf3 Nc6 3. Bc4 Nf6 4. Nc3 Bc5 5. d3 d6 6. Bg5 Bg4 7. Nd5 Nd4 8.
Nxf6+ gxf6 9. Be3 Nxf3+ 10. gxf3 Bxe3 11. fxe3 Be6 12. Bxe6 fxe6 13. Qd2 Qe7
14. O-O-O O-O-O 15. Qa5 Kb8 16. Kb1 Rhg8 17. Rhg1 Rg7 18. Rxg7 Qxg7 19. d4 exd4
20. exd4 Rg8 21. Qe1 a6 22. a3 Qg2 23. Rd2 Qxf3 24. Rf2 Qh3 25. Rxf6 Qxh2 26.
Ka2 Qxc2 27. Rxe6 Qc4+ 28. b3 Qxe6 29. d5 Qg4 30. a4 Re8 31. Qc3 Qxe4 32. b4
Qxd5+ 33. Ka3 Qg5 34. a5 Re3 35. Qxe3 Qxe3+ 36. Kb2 Qd4+ 37. Kb3 c5 38. bxc5
Qxc5 39. Ka4 h5 40. Kb3 h4 41. Ka4 Qxa5+ 42. Kb3 Qc3+ 43. Ka4 Qb4+ 44. Kxb4 h3
45. Kc4 h2 46. Kd3 h1=Q 47. Ke2 Qg1 48. Kf3 Qe1 49. Kg2 Qe8 0-1

[Event "Nationale Pupillendag 2012 - Cat. F"]
[Site "Roosendaal"]
[Date "2012.06.16"]
[Round "6.9"]
[White "Koster, David"]
[Black "Schreuder, Ruben"]
[Result "1-0"]
[ECO "C44"]
[WhiteElo "771"]
[BlackElo "733"]
[PlyCount "89"]
[EventDate "2012.??.??"]
[TimeControl "1200+35"]
[WhiteClock "0:13:31"]
[BlackClock "0:15:05"]

1. e4 e5 2. Nf3 Nc6 3. d4 exd4 4. Nxd4 Nxd4 5. Qxd4 Nf6 6. e5 Nh5 7. g4 Nf4 8.
Qxf4 Bc5 9. b4 Bb6 10. Nc3 a6 11. Bc4 O-O 12. Be3 Bxe3 13. Qxe3 d6 14. O-O-O
dxe5 15. Rxd8 Rxd8 16. Qf3 Bd7 17. Qxf7+ Kh8 18. Qf3 Rf8 19. Qg3 b5 20. Bd5 c6
21. Be4 Rac8 22. Ne2 Rce8 23. Rd1 Be6 24. Nc3 Rf7 25. Qh3 h6 26. Bg6 Ref8 27.
Bxf7 Bxf7 28. Ne4 Bg6 29. Nc3 Rxf2 30. Rd2 Rf4 31. g5 Bf5 32. Qg2 e4 33. Rd8+
Kh7 34. Rd6 Rg4 35. Qf1 Bg6 36. gxh6 Kxh6 37. Kb1 Kh7 38. Qd1 Rg2 39. Rd2 Rg5
40. Qe1 Kh6 41. Qh4+ Rh5 42. Qf4+ Kh7 43. Nxe4 Rh6 44. Ng5+ Kg8 45. Rd8+ 1-0

[Event "Nationale Pupillendag 2012 - Cat. F"]
[Site "Roosendaal"]
[Date "2012.06.16"]
[Round "6.10"]
[White "Kerkmeester, Cedric"]
[Black "Bruil, Rembrandt"]
[Result "1-0"]
[ECO "B50"]
[WhiteElo "882"]
[BlackElo "752"]
[PlyCount "141"]
[EventDate "2012.??.??"]
[TimeControl "1200+55"]
[WhiteClock "0:11:10"]
[BlackClock "0:07:33"]

1. e4 c5 2. Nf3 d6 3. Nc3 Nf6 4. d3 g6 5. Be2 Bg7 6. O-O O-O 7. Bd2 Nc6 8. Qc1
a6 9. Bh6 Ng4 10. Bxg7 Kxg7 11. h3 Nf6 12. a3 Nd4 13. Nxd4 cxd4 14. Nd5 Nxd5
15. exd5 e6 16. Qf4 e5 17. Qd2 Bf5 18. c4 dxc3 19. bxc3 h6 20. c4 Qg5 21. Qb2
Bxh3 22. Bf3 Rab8 23. Kh1 Bf5 24. c5 dxc5 25. Qxe5+ Kg8 26. Qe2 Rfe8 27. Qd1
Rbd8 28. d6 Rxd6 29. Bxb7 Rxd3 30. Qc1 Qxc1 31. Raxc1 Rxa3 32. Rxc5 Re7 33. Bc6
Rc7 34. Rfc1 Ra4 35. Bxa4 Re7 36. R1c3 Re4 37. Rg3 Kh7 38. Bc6 Re7 39. Ra5 Ra7
40. Bb5 Bc8 41. Rga3 Kg7 42. Bxa6 Bxa6 43. Rxa6 Rxa6 44. Rxa6 Kh7 45. Ra7 Kg7
46. g4 Kg8 47. f4 Kg7 48. g5 h5 49. Kg2 Kf8 50. Kf3 Kg7 51. Ke4 Kf8 52. Ke5 Kg7
53. Ke4 Kf8 54. Ra8+ Kg7 55. f5 Kh7 56. fxg6+ Kxg6 57. Kf4 h4 58. Kg4 h3 59.
Ra6+ Kg7 60. Kxh3 f5 61. gxf6+ Kf8 62. Kg4 Kf7 63. Kg5 Kf8 64. Kg6 Ke8 65. Kg7
Kd7 66. f7 Kc7 67. f8=Q Kb7 68. Qd6 Kc8 69. Rc6+ Kb7 70. Qc7+ Ka8 71. Ra6# 1-0

[Event "Nationale Pupillendag 2012 - Cat. F"]
[Site "Roosendaal"]
[Date "2012.06.16"]
[Round "6.11"]
[White "Heskes, Johan"]
[Black "De Oude, Fenna"]
[Result "1-0"]
[ECO "C48"]
[WhiteElo "526"]
[BlackElo "415"]
[PlyCount "87"]
[EventDate "2012.??.??"]
[TimeControl "1200+65"]
[WhiteClock "0:15:57"]
[BlackClock "0:11:54"]

1. e4 e5 2. Nf3 Nc6 3. Bb5 Nf6 4. Nc3 Bc5 5. Ng5 d6 6. Bxc6+ bxc6 7. d3 Ng4 8.
O-O Nf6 9. h3 O-O 10. a3 h6 11. Nf3 Bg4 12. hxg4 Nxg4 13. b4 Bd4 14. Nxd4 Qh4
15. Nf3 Qh5 16. a4 f5 17. exf5 Rxf5 18. Re1 Rxf3 19. Qxf3 Qh2+ 20. Kf1 h5 21.
Qxc6 Rf8 22. Qd5+ Kh8 23. Be3 Qg3 24. Re2 c6 25. Qxc6 d5 26. Qxd5 g5 27. Ne4 h4
28. Ke1 Nxe3 29. fxg3 Rf1+ 30. Kd2 h3 31. Qxe5+ Kh7 32. gxh3 Kh6 33. Rxe3 Rf7
34. Qe6+ Kg7 35. Nxg5 Rf2+ 36. Re2 Rxe2+ 37. Qxe2 Kg6 38. h4 Kf5 39. Rf1+ Kg6
40. Qe4+ Kh5 41. b5 Kh6 42. a5 Kh5 43. Rf4 Kh6 44. Qh7# 1-0

[Event "Nationale Pupillendag 2012 - Cat. F"]
[Site "Roosendaal"]
[Date "2012.06.16"]
[Round "6.12"]
[White "Meulendijks, Bram"]
[Black "Heijnen, Silvan"]
[Result "0-1"]
[ECO "C50"]
[WhiteElo "616"]
[BlackElo "889"]
[PlyCount "38"]
[EventDate "2012.??.??"]
[TimeControl "1200+85"]
[WhiteClock "0:17:06"]
[BlackClock "0:18:28"]

1. e4 e5 2. Nf3 Nc6 3. Nc3 Bc5 4. Bc4 Nf6 5. d3 O-O 6. Bg5 h6 7. Bh4 d6 8. Nd5
Bg4 9. Nxf6+ gxf6 10. O-O Nd4 11. c3 Nxf3+ 12. gxf3 Bh3 13. Re1 Kh7 14. Kh1 Rg8
15. Rg1 Rxg1+ 16. Kxg1 Qg8+ 17. Kh1 Bg2+ 18. Kg1 Bh3+ 19. Kh1 Qg2# 0-1